AoeStats
← waw15

African Clearing

504547182Analyzed
4v4 RM · 26d ago on Sep 5, 2026· 31m 18s· 8 players
Game mode
Random Map
Map size
Large (8 player)
Population
200
Speed
Normal
Resources
Standard
Victory
Conquest
Starting age
Dark Age
Ending age
Imperial Age
RankedLock teamsTeams togetherTeam positionsShared explorationLock speedFull tech treeHidden civsTurbo modeCheats
Victory
Defeat
🇨🇳 Huns · China
1076
+11
🇹🇷 Magyars · Türkiye
1066
+11
🇨🇳 Hindustanis · China
1035
+12
🇧🇷 Mongols · Brazil
927
+16
🇬🇧 Aztecs · United Kingdom
991
-14
🇵🇪 Bohemians · Peru
970
-13
🇵🇱 Bengalis · Poland
940
-12
🇬🇧 Japanese · United Kingdom
919
-11
Horahlooks
10:36 Loom
13:05 Feudal Age
13:07 Man-at-Arms
16:10 Double-Bit Axe
16:33 Arson
19:35 Scale Mail Armor
19:46 Forging
24:06 Castle Age
22:23 Horse Collar
30:34 Squires
30:35 Pikeman
waw15
13:29 Feudal Age
13:27 Loom
18:25 Castle Age
17:08 Double-Bit Axe
29:10 Pikeman
Light
8:09 Loom
13:58 Feudal Age
21:12 Castle Age
19:31 Double-Bit Axe
22:10 Husbandry
23:03 Scale Mail Armor
23:23 Forging
23:15 Light Cavalry
26:11 Scale Barding Armor
PiotrekEs
10:14 Loom
12:46 Feudal Age
14:49 Double-Bit Axe
18:25 Castle Age
28:41 Bow Saw
30:00 Husbandry
30:49 Pikeman
31:30 Squires
[FNZ] F3RNZ
10:14 Loom
13:59 Feudal Age
15:56 Padded Archer Armor
15:51 Double-Bit Axe
17:46 Fletching
28:53 Castle Age
29:15 Crossbowman
30:01 Thumb Ring
29:55 Bodkin Arrow
Nuhro
6:20 Loom
13:14 Feudal Age
19:15 Castle Age
17:23 Stone Mining
19:45 Double-Bit Axe
22:51 Bow Saw
26:01 Corvinian Army
29:41 Horse Collar
30:53 Scale Barding Armor
怒头堵紧
13:20 Feudal Age
16:13 Double-Bit Axe
16:43 Bloodlines
19:31 Bloodlines
19:55 Scale Barding Armor
20:03 Forging
26:40 Horse Collar
人在阵地在
4:56 Loom
17:32 Feudal Age
21:48 Scale Barding Armor
22:00 Bloodlines
27:38 Castle Age
27:43 Castle Age
Connection lost

Rejoining the realm…

Still unreachable

The connection could not be restored.

Session expired

The server has moved on; the page needs a fresh start.